 Dungeon Crawl Stone Soup version 0.26-a0-651-gb41185065b (webtiles) character file.

Game seed: 13598462026428816324

8057 Flugslaktarn the Cleaver (level 11, -1/106 HPs)
             Began as a Deep Dwarf Fighter on Oct 9, 2020.
             Was a Priest of Makhleb.
             Slain by a cyan ugly thing (11 damage)
             ... on level 10 of the Dungeon.
             The game lasted 00:03:56 (5151 turns).

Flugslaktarn the Cleaver (Deep Dwarf Fighter)       Turns: 5151, Time: 00:03:56

Health: -1/106     AC: 13    Str: 21    XL:     11   Next: 4%
Magic:  13/13      EV: 24    Int:  8    God:    Makhleb [***...]
Gold:   519        SH: 10    Dex: 15    Spells: 10/10 levels left

rFire    . . .     SeeInvis .   f - +3 war axe (elec)
rCold    . . .     Faith    .   c - +0 kite shield
rNeg     . . .     Spirit   .   y - +0 chain mail
rPois    .         Reflect  .   o - +0 helmet
rElec    .         Harm     .   k - +0 cloak
rCorr    .         Rampage  .   (no gloves)
MR       +....                  (no boots)
Stlth    ..........             s - amulet of the acrobat
HPRegen  0.00/turn              p - ring of flight
MPRegen  0.13/turn              (no ring)

@: acrobat, non-regenerating, lightly drained
A: damage resistance, heal wounds, sense surroundings 2, no regeneration
a: Heal Wounds, Minor Destruction, Lesser Servant of Makhleb, Renounce Religion,
Evoke Flight


You were on level 10 of the Dungeon.
You worshipped Makhleb.
Makhleb was most pleased with you.
You visited 2 branches of the dungeon, and saw 11 of its levels.

You collected 519 gold pieces.

Inventory:

Hand Weapons
 a - a +0 war axe
 f - a +3 war axe of electrocution (weapon)
   (You took it off an orc on level 5 of the Dungeon)
Armour
 c - a +0 kite shield (worn)
 k - a +0 cloak (worn)
   (You found it on level 2 of the Dungeon)
 o - a +0 helmet (worn)
   (You found it on level 1 of the Dungeon)
 y - a +0 chain mail (worn)
   (You took it off an orc warrior on level 8 of the Dungeon)
Jewellery
 p - a ring of flight (left hand)
   (You found it on level 10 of the Dungeon)
 s - an amulet of the acrobat (around neck)
   (You found it on level 10 of the Dungeon)
Wands
 b - a wand of iceblast (9)
   (You took it off an orc wizard on level 9 of the Dungeon)
Scrolls
 g - a scroll of enchant weapon
 l - 2 scrolls of fog
 m - 3 scrolls of immolation
 r - 4 scrolls of identify
 t - 3 scrolls of teleportation
 v - a scroll of vulnerability {unknown}
 x - 6 scrolls of remove curse
Potions
 d - 5 potions of might
 e - a potion of invisibility {unknown}
 h - 3 potions of haste
 i - 2 potions of lignification
 j - a potion of mutation
 n - a potion of resistance
 q - 3 potions of curing
 u - a potion of flight {unknown}
 w - a potion of heal wounds


   Skills:
 * Level 9.1(9.0) Fighting
 * Level 10.5(10.3) Axes
 + Level 8.0(7.9) Armour
 + Level 4.9(4.8) Dodging
 - Level 6.1(6.0) Shields
 + Level 6.8(6.6) Invocations


You had 10 spell levels left.
You didn't know any spells.
Your spell library was empty.

Dungeon Overview and Level Annotations

Branches:
Dungeon (10/15)            Temple (1/1) D:6            Lair (0/6) D:9
    Orc: D:9-12

Altars:
Ashenzari
Cheibriados
Dithmenos
Elyvilon
Fedhas
Gozag
Hepliaklqana
Kikubaaqudgha
Makhleb
Nemelex Xobeh
Okawaru
Qazlal
Ru
Sif Muna
Trog
Uskayaw
Vehumet
Wu Jian
Xom
Yredelemnul
Zin
The Shining One

Annotations:
D:7 2 transporters


Innate Abilities, Weirdness & Mutations

You are resistant to damage.
You can heal yourself by infusing magical energy.
You passively map the area around you.
You do not regenerate.


Message History

The cyan ugly thing bites you! The cyan ugly thing shocks you!
You slash the cyan ugly thing!
The cyan ugly thing is lightly wounded.
You block the cyan ugly thing's attack.
You slash the cyan ugly thing!
The cyan ugly thing is moderately wounded.
The cyan ugly thing bites you but does no damage.
You slash the cyan ugly thing!
The cyan ugly thing is heavily wounded.
The cyan ugly thing bites you!
* * * LOW HITPOINT WARNING * * *
The cyan ugly thing shocks you!
* * * LOW HITPOINT WARNING * * *
You are too injured to fight recklessly!
You are too injured to fight recklessly!
You are too injured to fight recklessly!
The cyan ugly thing bites you!
* * * LOW HITPOINT WARNING * * *
The cyan ugly thing shocks you!
You die...

, #......##### * *+* *
#......# ###.#### #..# *
###'## #....# #+########
#..>.# ,.........### #....#
,.......u@'.####....# *
..(>.....#....'....####
*,.........######....'..###
* .........# #....##....
*,.........# ###'#######
+######### ##.# , ,* #..#
*###+## #.## #>...# #(#


You could see a cyan ugly thing.

Vanquished Creatures
  A two-headed ogre (D:10)
  An ugly thing (D:9)
  A cyclops (D:10)
  Joseph (D:8)
  Maggie (D:7)
  A centaur skeleton (D:10)
  A troll (D:9)
  2 hippogriffs
  A shadow (D:10)
  A wraith (D:10)
  3 yaks (D:10)
  A water moccasin (D:9)
  5 porcupines (D:9)
  3 sky beasts
  3 orc warriors
  A black bear (D:9)
  A necrophage (D:3)
  2 phantoms (D:10)
  2 ice beasts
  A hornet zombie (D:9)
  4 ogres
  A crocodile (D:10)
  3 centaurs
  A big kobold (D:10)
  3 bullfrogs
  4 scorpions
  10 wights
  A bullfrog zombie (D:7)
  2 quasits
  3 centaur zombies
  2 hounds
  3 bullfrog skeletons
  4 orc priests
  4 iguanas
  Natasha (D:2)
  6 orc wizards
  7 worker ants
  A killer bee zombie (D:7)
  A hound zombie (D:5)
  5 hound skeletons
  A howler monkey zombie (D:10)
  3 gnolls (D:6)
  A howler monkey skeleton (D:7)
  4 worker ant zombies
  3 adders
  2 shadow imps
  2 white imps
  An ufetubus (D:5)
  An ooze (D:7)
  An adder skeleton (D:7)
  A worm (D:3)
  2 dart slugs
  4 leopard geckos
  31 orcs
  4 ball pythons
  4 giant cockroaches
  5 goblins
  9 hobgoblins
  6 jackals
  11 kobolds
  4 quokkas
  4 bats
  9 frilled lizards
  A jackal skeleton (D:9)
  A leopard gecko zombie (D:6)
  2 rats (D:1)
216 creatures vanquished.

Vanquished Creatures (others)
  A giant cockroach (D:2)
  A kobold (D:2)
  17 fungi (D:9)
  34 plants
53 creatures vanquished.

Grand Total: 269 creatures vanquished

Notes
Turn   | Place    | Note
-------+----------+-------------------------------------------
     0 | D:1      | Flugslaktarn the Deep Dwarf Fighter began the quest for the
                  | Orb.
     0 | D:1      | Reached XP level 1. HP: 20/20 MP: 1/1
   258 | D:1      | Reached XP level 2. HP: 25/27 MP: 2/2
   586 | D:2      | Found a white marble altar of Elyvilon.
   602 | D:2      | Noticed Natasha
   603 | D:2      | Noticed a crimson imp
   611 | D:2      | Killed Natasha
   611 | D:2      | Reached skill level 3 in Axes
   611 | D:2      | Reached XP level 3. HP: 22/34 MP: 3/3
   775 | D:3      | Reached XP level 4. HP: 42/42 MP: 4/4
   875 | D:3      | Reached XP level 5. HP: 25/50 MP: 5/5
   903 | D:3      | Noticed a necrophage
   916 | D:3      | Killed a necrophage
   916 | D:3      | Reached skill level 4 in Axes
   970 | D:4      | Reached XP level 6. HP: 24/57 MP: 6/6
  1273 | D:4      | Reached skill level 5 in Axes
  1283 | D:4      | Noticed an ice beast
  1293 | D:4      | Killed an ice beast
  1293 | D:4      | Reached XP level 7. HP: 56/66 MP: 7/7
  1484 | D:5      | Entered Level 5 of the Dungeon
  1524 | D:5      | Reached skill level 5 in Fighting
  1532 | D:5      | Found a hide-covered altar of Uskayaw.
  1533 | D:5      | Noticed a +0 hand axe
  1533 | D:5      | Noticed a +0 dagger
  1608 | D:5      | Reached skill level 5 in Shields
  1619 | D:5      | Found an iron altar of Okawaru.
  1655 | D:5      | Found a broken altar of Ashenzari.
  1714 | D:5      | Reached skill level 5 in Armour
  1723 | D:5      | Reached skill level 6 in Axes
  1797 | D:5      | Reached XP level 8. HP: 63/75 MP: 8/8
  1859 | D:5      | Found a shadowy altar of Dithmenos.
  1963 | D:6      | Got an ebony hand axe
  1965 | D:6      | Identified the +3 hand axe of Lelodd {venom, Fragile rC+++
                  | Int+4 Dex-5} (You found it on level 6 of the Dungeon)
  2024 | D:6      | Found a staircase to the Ecumenical Temple.
  2055 | Temple   | Entered the Ecumenical Temple
  2218 | Temple   | Became a worshipper of Makhleb the Destroyer
  2517 | D:6      | Found a shimmering blue altar of Sif Muna.
  2709 | D:6      | Reached skill level 1 in Invocations
  2864 | D:7      | Found a transporter.
  2952 | D:7      | Found a transporter.
  3133 | D:7      | Reached skill level 7 in Axes
  3300 | D:7      | Noticed Maggie
  3318 | D:7      | Killed Maggie
  3318 | D:7      | Gained mutation: You passively map the area around you.
                  | [Deep Dwarf growth]
  3318 | D:7      | Reached XP level 9. HP: 52/85 MP: 7/9
  3366 | D:7      | Found a shimmering altar of Xom.
  3366 | D:7      | Found a shimmering altar of Xom.
  3367 | D:7      | Found a shimmering altar of Xom.
  3368 | D:7      | Found a shimmering altar of Xom.
  3368 | D:7      | Found a shimmering altar of Xom.
  3410 | D:7      | Found a hazy altar of Hepliaklqana.
  3608 | D:8      | Reached * piety under Makhleb
  3608 | D:8      | Reached skill level 1 in Dodging
  3614 | D:8      | Reached skill level 8 in Axes
  3666 | D:8      | Found a hide-covered altar of Uskayaw.
  3809 | D:8      | Noticed Joseph
  3822 | D:8      | Killed Joseph
  4130 | D:9      | Found a staircase to the Lair.
  4133 | D:9      | Noticed a troll
  4134 | D:9      | Reached skill level 9 in Axes
  4142 | D:9      | Reached XP level 10. HP: 76/96 MP: 10/10
  4144 | D:9      | Reached ** piety under Makhleb
  4144 | D:9      | Reached skill level 5 in Invocations
  4263 | D:9      | Found a sacrificial altar of Ru.
  4316 | D:9      | Noticed a purple ugly thing
  4330 | D:9      | Killed a purple ugly thing
  4569 | D:9      | Found a basalt altar of Yredelemnul.
  4589 | D:10     | Entered Level 10 of the Dungeon
  4731 | D:10     | Noticed a two-headed ogre
  4737 | D:10     | Killed a two-headed ogre
  4737 | D:10     | Reached skill level 10 in Axes
  4795 | D:10     | Noticed a cyclops
  4807 | D:10     | Killed a cyclops
  4833 | D:10     | Reached *** piety under Makhleb
  4886 | D:10     | Reached XP level 11. HP: 81/106 MP: 11/13
  5142 | D:10     | Noticed a cyan ugly thing
  5151 | D:10     | Slain by a cyan ugly thing

Illustrated notes

Levels and vault maps discovered:
D:1:      scummos_arrival_gate, layout_basic
D:2:      layout_basic, elyvilon_altar_4, lemuel_tele_altar, uniq_natasha,
          uniq_robin
D:3:      cheibrodos_pilgrimage, layout_basic, chequers_serial_rivers_marsh
D:4:      layout_basic, minmay_lizard_king
D:5:      layout_gridville, dancing_weapons_uskayaw, okawaru_ov_weapons_minmay,
          kennysheep_mini_moat, ashenzari_conservatory_becter, dk_noncrumbling_4
D:6:      layout_loops_ring, led_sif_pool, minmay_temple_entry_mini_moons
D:7:      gammafunk_cloud_chamber, layout_loops_corners, lemuel_doored_altar,
          hangedman_abyss_or_decor_passed, xom_redecorated, uniq_maggie
D:8:      layout_cave_pools, basic_altar, uniq_joseph
D:9:      layout_roguey, nicolae_ru_path_of_blood, kennysheep_mini,
          due_lair_maze_entry_diamond
D:10:     layout_roguey, serial_shops, shop
Temple:   oiseaux_autumnal_temple

Skill      XL: |  1  2  3  4  5  6  7  8  9 10 |
---------------+-------------------------------+-----
Fighting       | 3 4 5 6 7 9 |  9.1
Axes           | 3 4 5 6 7 9 10 | 10.5
Shields        | 4 5 6 |  6.1
Armour         | 4 5 6 7 8 |  8.0
Invocations    | 2 4 6 |  6.8
Dodging        | 3 4 |  4.9

Action                   |  1- 3 |  4- 6 |  7- 9 | 10-12 || total
-------------------------+-------+-------+-------+-------++-------
Melee: War axe           |   119 |   134 |   261 |   156 ||   670
       Hand axe          |       |       |    12 |       ||    12
 Abil: Heal Wounds       |     1 |     4 |     8 |     1 ||    14
  Use: Scroll            |       |       |    17 |       ||    17
Armor: Scale mail        |    63 |    58 |   119 |       ||   240
       Chain mail        |       |       |    14 |    55 ||    69
Dodge: Dodged            |    43 |    34 |    76 |    40 ||   193
Block: Kite shield       |    81 |    68 |   155 |    73 ||   377

Table legend: (Time is in decaauts)
 A = Elapsed time spent in this place.
 B = Non-inter-level travel time spent in this place.
 C = Inter-level travel time spent in this place.
 D = Time resting spent in this place.
 E = Time spent auto-exploring this place.
 F = Levels seen in this place.
 G = Mean time per level.
                   A        B        C        D        E       F      G
               +--------+--------+--------+--------+--------+-----+--------+
         Total |   5327 |   5096 |    231 |      0 |   3659 |  11 |  484.3 |
       Dungeon |   5121 |   4953 |    168 |      0 |   3529 |  10 |  512.1 |
        Temple |    205 |    142 |     63 |      0 |    129 |   1 |  205.0 |
               +--------+--------+--------+--------+--------+-----+--------+

Top non-repeatable levels by time:
     D:7: 785 daAuts
     D:6: 686 daAuts
     D:1: 572 daAuts
    D:10: 568 daAuts
     D:4: 556 daAuts
     D:9: 511 daAuts
     D:8: 490 daAuts
     D:5: 487 daAuts
     D:3: 346 daAuts
  Temple: 205 daAuts
     D:2: 115 daAuts
